 Dungeon Crawl Stone Soup version 0.26-a0-812-g31a745ddcd (webtiles) character file.

Game seed: 12312322132187779496

37 Borgoz the Skirmisher (level 3, -2/31 HPs)
             Began as a Ghoul Monk on Dec 8, 2020.
             Slain by a worm (7 damage)
             ... on level 2 of the Dungeon.
             The game lasted 00:01:29 (1138 turns).

Borgoz the Skirmisher (Ghoul Monk)                  Turns: 1138, Time: 00:01:30

Health: -2/31      AC:  3    Str: 15    XL:     3   Next: 39%
Magic:  2/2        EV: 12    Int:  5    God:
Gold:   32         SH:  0    Dex: 11    Spells: 2/2 levels left

rFire    . . .     SeeInvis .   a - +0 falchion
rCold    + . .     Faith    .   (no shield)
rNeg     + + +     Spirit   .   k - +0 leather armour
rPois    ∞         Reflect  .   (no helmet)
rElec    .         Harm     .   (no cloak)
rCorr    .         Rampage  .   (no gloves)
MR       .....                  (no boots)
Stlth    ++........             (no amulet)
HPRegen  0.00/turn              (no ring)
MPRegen  0.08/turn              (no ring)

@: no status effects
A: rotting body, claws 1, cold resistance 1, negative energy resistance 3,
inhibited regeneration, torment resistance, unbreathing
a: no special abilities


You were on level 2 of the Dungeon.
You visited 1 branch of the dungeon, and saw 2 of its levels.

You collected 32 gold pieces.

Inventory:

Hand Weapons
 a - a +0 falchion (weapon)
Armour
 k - a +0 leather armour (worn)
Scrolls
 h - a scroll of teleportation
Potions
 d - a potion of cancellation {unknown}
 e - a potion of heal wounds {unknown}
 f - a potion of might {unknown}
 j - a potion of haste {unknown}


   Skills:
 + Level 3.6 Fighting
 * Level 3.2 Long Blades
 * Level 1.4 Armour
 - Level 2.6 Dodging
 - Level 2.1 Stealth


You had 2 spell levels left.
You didn't know any spells.
Your spell library was empty.

Dungeon Overview and Level Annotations

Branches:
Dungeon (2/15)

Altars:


Innate Abilities, Weirdness & Mutations

Your body is rotting away.
You thrive by killing the living.
You are immune to poison.
You have sharp fingernails.
Your flesh is cold resistant. (rC+)
You are immune to negative energy. (rN+++)
You do not regenerate when monsters are visible.
You are immune to unholy pain and torment.
You can survive without breathing.


Message History

You are too injured to fight recklessly!
You are too injured to fight recklessly!
You are too injured to fight recklessly!
You are too injured to fight recklessly!
You are too injured to fight recklessly!
You are too injured to fight recklessly!
You are too injured to fight recklessly!
You are too injured to fight recklessly!
You are too injured to fight recklessly!
You are too injured to fight recklessly!
You are too injured to fight recklessly!
You are too injured to fight recklessly!
It was a potion of magic.
Magic courses through your body. The worm barely misses you.
The worm bites you.
* * * LOW HITPOINT WARNING * * *
The hobgoblin barely misses you.
You hit the worm.
The worm is heavily wounded.
The worm bites you!
You die...

#### ### #..#
#.##<####..#
#......#..#
#.##.##.#..###.#
#..##.##.#g)w...#
...>......)w@#
#..#.##.##.#### .
#.##.# ..##g# ..
... .## #. ##


You could see 2 worms and a hobgoblin.

Vanquished Creatures
  3 dart slugs (D:1)
  A leopard gecko (D:1)
  7 bats (D:1)
  A giant cockroach (D:1)
  3 goblins (D:1)
  3 hobgoblins
  4 jackals (D:1)
  3 kobolds
  A frilled lizard (D:1)
  A rat (D:1)
27 creatures vanquished.

Notes
Turn   | Place    | Note
-------+----------+-------------------------------------------
     0 | D:1      | Borgoz the Ghoul Monk began the quest for the Orb.
     0 | D:1      | Reached XP level 1. HP: 19/19 MP: 0/0
    50 | D:1      | Reached XP level 2. HP: 19/26 MP: 1/1
   320 | D:1      | Reached skill level 1 in Armour
   582 | D:1      | Reached XP level 3. HP: 30/31 MP: 2/2
  1138 | D:2      | Slain by a worm

Illustrated notes

Levels and vault maps discovered:
D:1:      heliophobic_arrival_dark_side_of_the_moon, layout_basic,
          minmay_fountain_box
D:2:      cheibrodos_old_hovel, layout_loops_ring,
          nicolae_tso_swordbearing_angel, amethyst_overflow_temple_binary,
          nicolae_qazlal_eye_of_the_storm

Skill      XL: |  1  2 |
---------------+-------+-----
Long Blades    | 3 |  3.2
Armour         | 1 |  1.4
Fighting       | |  3.6
Dodging        | |  2.6
Stealth        | |  2.1

Action                   || total
-------------------------++-------
Melee: Falchion          ||    98
  Use: Scroll            ||     4
       Potion            ||     1
 Stab: Sleeping          ||     6
Armor: Robe              ||    18
       Leather armour    ||    15
Dodge: Dodged            ||    75
       Rpst.: Falchion   ||    24

Table legend: (Time is in decaauts)
 A = Elapsed time spent in this place.
 B = Non-inter-level travel time spent in this place.
 C = Inter-level travel time spent in this place.
 D = Time resting spent in this place.
 E = Time spent auto-exploring this place.
 F = Levels seen in this place.
 G = Mean time per level.
                   A        B        C        D        E       F      G
               +--------+--------+--------+--------+--------+-----+--------+
         Total |   1150 |   1110 |     40 |     77 |    771 |   2 |  575.0 |
       Dungeon |   1150 |   1110 |     40 |     77 |    771 |   2 |  575.0 |
               +--------+--------+--------+--------+--------+-----+--------+

Top non-repeatable levels by time:
     D:1: 1127 daAuts
     D:2: 22 daAuts
